 Dungeon Crawl Stone Soup version 0.29.1-15-g9cfb28693d (webtiles) character file.

Game seed: 8366112474471539531

80 hawla the Chiller (level 4, -4/33 HPs)
             Began as a Meteoran Ice Elementalist on Apr 13, 2023.
             Slain by an orc
             ... wielding a +0 falchion
              (7 damage)
             ... on level 3 of the Dungeon.
             The game lasted 00:02:23 (243 turns).

hawla the Chiller (Meteoran Ice Elementalist)        Turns: 243, Time: 00:02:24

Health: -4/33      AC:  2    Str:  9    XL:     4   Next: 98%
Magic:  2/11       EV: 12    Int: 19    God:
Gold:   28         SH:  0    Dex: 14    Spells: 10/11 levels left

rFire   . . .      SeeInvis .   (no weapon)
rCold   . . .      Faith    .   (no shield)
rNeg    . . .      Spirit   .   a - +0 robe
rPois   .          Reflect  .   (no helmet)
rElec   .          Harm     .   (no cloak)
rCorr   .          Rampage  .   (no gloves)
Will    +....                   (no boots)
Stlth   +.........              (no amulet)
HPRegen 0.11/turn               (no ring)
MPRegen 0.12/turn               (no ring)

@: attractive, glowing
A: sense surroundings 1, otherworldly, glowing, explore regen, strong-willed 1
a: no special abilities


You were on level 3 of the Dungeon.
You visited 1 branch of the dungeon, and saw 3 of its levels.

You collected 28 gold pieces.

Inventory:

Armour
 a - a +0 robe (worn)
Potions
 b - a potion of magic
 e - a potion of mutation


   Skills:
 + Level 2.7 Dodging
 - Level 1.4 Stealth
 + Level 4.3 Spellcasting
 + Level 5.3 Ice Magic


You had 10 spell levels left.
You knew the following spells:

 Your Spells              Type           Power      Damage    Failure   Level
a - Freeze                Ice            96%        1d11      1%          1

Your spell library contained the following spells:

 Spells                   Type           Power      Damage    Failure   Level
 Frozen Ramparts          Ice            48%        1d8       4%          3
 Ozocubu's Armour         Ice            24%        N/A       4%          3
 Hailstorm                Conj/Ice       14%        3d5       41%         4


Dungeon Overview and Level Annotations

Branches:
Dungeon (3/15) Zot: 1556

Altars:


Innate Abilities, Weirdness & Mutations

You passively map a small area around you.
You are easily found by Zot.
You glow in the dark.
You regain HP and MP as you explore.
You are strong-willed. (Will+)


Message History

Aim: an orc priest, wielding a +0 hand axe and wearing a +1 ring mail of poison resistance You freeze the orc priest!
The orc priest is heavily wounded.
The orc hits you with a +0 hand axe.
The orc priest calls down the wrath of Beogh upon you.
Pain shoots through your body!
Casting: Freeze (safe; 1% risk of failure)
Confirm with . or Enter, or press ? or * to list all spells.
Aiming: Freeze (safe; 1% risk of failure)
Press: ? - help, Shift-Dir - straight line, f/p - orc priest
Aim: an orc priest, wielding a +0 hand axe and wearing a +1 ring mail of poison resistance (heavily wounded)
You freeze the orc priest!
The orc priest is almost dead.
The orc hits you with a +0 hand axe.
* * * LOW HITPOINT WARNING * * *
The orc priest hits you with a +0 hand axe.
* * * LOW HITPOINT WARNING * * *
Casting: Freeze (safe; 1% risk of failure)
Confirm with . or Enter, or press ? or * to list all spells.
Aiming: Freeze (safe; 1% risk of failure)
Press: ? - help, Shift-Dir - straight line, f/p - orc priest
Aim: an orc priest, wielding a +0 hand axe and wearing a +1 ring mail of poison resistance (almost dead)
You freeze the orc priest!
You kill the orc priest!
The orc misses you. The orc barely misses you.
Your Spellcasting skill increases to level 4!
It was a potion of attraction.
You feel attractive to monsters. The orc hits you with a +0 hand axe.
* * * LOW HITPOINT WARNING * * *
The orc barely misses you.
Casting: Freeze (safe; 1% risk of failure)
Confirm with . or Enter, or press ? or * to list all spells.
Aiming: Freeze (safe; 1% risk of failure)
Press: ? - help, Shift-Dir - straight line, f - orc
Aim: an orc, wielding a +0 hand axe and wearing a +2 ring mail of fire resistance You freeze the orc.
The orc is almost dead.
The orc hits you with a +0 falchion!
You die...

*,,,,*,,,,,* #.#
#.....#*,,,,,, ******,,,,,*
#.# #.....#*****,*
*,,,,,####.####....# *,*
*,,,,,#......##...### *,*
*,,,,,#......####...#####.#
*,,,,,#......# #....>.....
*,,,,,#......####..♣.######
*,,,,,#..o)o.#....♣.......#
***,*****#@###.##...)###.##
*,* #........)))....#* *,*
#####.####........ **,* #.#
#........ *,,##########.#
#........
********,,......†....#
#........
,,,,,,,,,,############
#........ ,,,,,,,,,,**
*****#........ ,,,,,,,,,,,*
*,,,,+,,,,,,,,


You could see 2 orcs.

Vanquished Creatures
  An orc priest (D:3)
  An orc wizard (D:3)
  6 orcs (D:3)
  A ball python (D:3)
  2 giant cockroaches (D:2)
  2 goblins (D:2)
  2 frilled lizards (D:2)
  2 kobolds
  A rat (D:3)
18 creatures vanquished.

Notes
Turn   | Place    | Note
-------+----------+-------------------------------------------
     0 | D:1      | hawla the Meteoran Ice Elementalist began the quest for the
                  | Orb.
     0 | D:1      | Reached XP level 1. HP: 14/14 MP: 5/5
    53 | D:2      | Reached XP level 2. HP: 20/20 MP: 4/6
   147 | D:3      | Gained mutation: You are strong-willed. (Will+) [potion of
                  | mutation]
   152 | D:3      | Reached skill level 5 in Ice Magic
   152 | D:3      | Reached XP level 3. HP: 24/26 MP: 0/8
   239 | D:3      | Reached XP level 4. HP: 15/33 MP: 6/10
   243 | D:3      | Slain by an orc

Illustrated notes

Levels and vault maps discovered:
D:1:      minmay_arrival_five_plusses, layout_loops_corners,
          ebering_ecumenical_altar_hall, kennysheep_boxes
D:2:      layout_rooms, uniq_jessica, uniq_crazy_yiuf_cottage
D:3:      layout_basic, lemuel_zombie_altar_yredelemnul, serial_shops,
          nicolae_shop_advertising_works [nicolae_subvault_shop_adworks],
          hangedman_decor_opposing, chequers_mini_garden, wad_woods_river_04,
          minmay_quantized

Skill      XL: |  1  2  3  4 |
---------------+-------------+-----
Ice Magic      | 5 |  5.3
Spellcasting   | 3 4 |  4.3
Dodging        | |  2.7
Stealth        | |  1.4

Action                   |  1- 3 |  4- 6 || total
-------------------------+-------+-------++-------
Melee: Unarmed           |     7 |       ||     7
 Cast: Freeze            |    23 |     4 ||    27
  Use: Potion            |     4 |     1 ||     5
       Scroll            |     1 |       ||     1
Armor: Skin              |    17 |       ||    17
       Robe              |     4 |       ||     4
Dodge: Dodged            |    13 |     3 ||    16
